 Dungeon Crawl Stone Soup version 0.28.0-45-g0d030f2227 (webtiles) character file.

Game seed: 7928124115171134412

333 Kenran the Cudgeller (level 6, -2/51 HPs)
             Began as a Palentonga Fighter on Apr 24, 2022.
             Slain by Harold
             ... wielding a +0 short sword
              (17 damage)
             ... on level 7 of the Dungeon.
             The game lasted 00:06:04 (4502 turns).

Kenran the Cudgeller (Palentonga Fighter)           Turns: 4502, Time: 00:06:05

Health: -2/51      AC:  6    Str: 21    XL:     6   Next: 27%
Magic:  6/6        EV:  7    Int:  9    God:
Gold:   148        SH:  6    Dex:  9    Spells: 5/5 levels left

rFire   . . .      SeeInvis +   a - +0 flail
rCold   . . .      Faith    .   l - +2 buckler {reflect}
rNeg    . . .      Spirit   .   b - +0 scale mail
rPois   .          Reflect  +   (no helmet)
rElec   .          Harm     .   (no cloak)
rCorr   .          Rampage  .   (no gloves)
Will    .....                   (no barding)
Stlth   ..........              n - amulet of the acrobat
HPRegen 0.17/turn               (no ring)
MPRegen 0.10/turn               (no ring)

@: mighty, marked
A: large, rugged brown scales 3, see invisible, deformed body, roll 1, armoured
tail
a: Rolling Charge


You were on level 7 of the Dungeon.
You visited 1 branch of the dungeon, and saw 5 of its levels.

You collected 148 gold pieces.

Inventory:

Hand Weapons
 a - a +0 flail (weapon)
Armour
 b - a +0 scale mail (worn)
 j - a +0 chain mail
 l - a +2 buckler of reflection (worn)
Jewellery
 n - an amulet of the acrobat (around neck)
Scrolls
 g - a scroll of enchant armour {unknown}
 k - a scroll of blinking {unknown}
 m - a scroll of torment {unknown}
Potions
 c - a potion of degeneration {unknown}
 e - 2 potions of invisibility {unknown}
 f - a potion of brilliance {unknown}
 h - a potion of attraction {unknown}
 i - a potion of cancellation {unknown}
 o - 2 potions of mutation {unknown}
 p - a potion of heal wounds {unknown}


   Skills:
 + Level 4.1 Fighting
 * Level 4.5 Maces & Flails
 - Level 3.0 Armour
 - Level 2.0 Dodging
 - Level 3.0 Shields


You had 5 spell levels left.
You didn't know any spells.
Your spell library contained the following spells:

 Spells                   Type           Power      Damage    Failure   Level
 Corpse Rot               Necr/Air       0%         N/A       90%         2
 Poisonous Vapours        Pois/Air       0%         N/A       90%         2


Dungeon Overview and Level Annotations

Branches:
Dungeon (4/15)
 Temple: D:4-7

Altars:
Dithmenos
Kikubaaqudgha

Annotations:
D:7 Harold


Innate Abilities, Weirdness & Mutations

You are completely covered in rugged brown scales. (AC +3, +7% HP)
You have supernaturally acute eyesight. (SInv)
Armour fits poorly on your strangely shaped body.
You can roll at nearby foes to attack.
You have a long armoured tail.


Message History

Found a mace.
You now have 131 gold pieces (gained 9).
Found a twisted robe.
You see here the +2 robe of the Quahog {Rampage MP+9 SInv}.
A hound comes into view.
A hound is nearby!
Found a trident.
Unknown command.
The hound barely misses you.
You hit the hound.
The hound is lightly wounded.
The hound bites you. You block the hound's attack.
You miss the hound.
The hound is lightly wounded.
You hear the hiss of a distant avalanche of sand.
The hound bites you but does no damage. x2
You sock the hound!
The hound is heavily wounded.
The hound stops to sniff the ground.
The hound bites you. x2
You closely miss the hound.
The hound is heavily wounded.
The hound closely misses you.
You hit the hound. You tail-slap the hound.
You kill the hound!
Found 17 gold pieces.
You now have 148 gold pieces (gained 17).
Harold the Weathered comes into view.
He is wielding a +0 short sword.
Harold shouts!
A wyvern skeleton comes into view.
Harold gestures at you while chanting. A sentinel's mark forms upon you.
Harold fires a harpoon shot at you. The harpoon shot hits you!
You are yanked forward by the harpoon shot.
You feel very mighty all of a sudden. Harold hits you with a +0 short sword!
* * * LOW HITPOINT WARNING * * *
You barely miss Harold. Harold hits you with a +0 short sword!
You die...

#.# #.##### #.....#
#####.# ..#.# #.#.#
#.#.##### #.#.#
#......@# #.#.## #@#
#....######
#.#.###Z#####.........#
#...Z............####.#
....#...###.........# .
#.### #......)..... #.
#.............# ..
...####...###..# ## ###
#...# ..# ...... .#


You could see Harold and a wyvern skeleton.

Vanquished Creatures
  A bullfrog (D:7)
  A hound (D:7)
  2 orc priests (D:3)
  An orc wizard (D:3)
  8 gnolls
  2 adders
  An adder skeleton (D:3)
  3 worms
  2 orcs
  3 endoplasms
  3 giant cockroaches
  6 goblins
  A hobgoblin (D:1)
  4 jackals
  A quokka (D:1)
  A ball python (D:1)
  6 bats
  2 frilled lizards (D:1)
  9 kobolds
  8 rats
65 creatures vanquished.

Notes
Turn   | Place    | Note
-------+----------+-------------------------------------------
     0 | D:1      | Kenran the Palentonga Fighter began the quest for the Orb.
     0 | D:1      | Reached XP level 1. HP: 19/19 MP: 1/1
   164 | D:1      | Reached XP level 2. HP: 23/25 MP: 2/2
  1202 | D:2      | Reached XP level 3. HP: 4/31 MP: 3/3
  2111 | D:2      | Reached skill level 1 in Dodging
  2267 | D:2      | Found an ancient bone altar of Kikubaaqudgha.
  2384 | D:2      | Reached XP level 4. HP: 5/37 MP: 4/4
  2694 | D:3      | Found a shadowy altar of Dithmenos.
  2973 | D:3      | Reached XP level 5. HP: 33/43 MP: 5/5
  4334 | D:4      | Noticed an ogre
  4334 | D:4      | You fall into a shaft and drop 3 floors!
  4347 | D:7      | Reached XP level 6. HP: 23/51 MP: 6/6
  4467 | D:7      | Identified the +2 robe of the Quahog {Rampage MP+9 SInv}
  4499 | D:7      | Noticed Harold
  4502 | D:7      | Slain by Harold

Illustrated notes

Levels and vault maps discovered:
D:1:      minmay_arrival_nine_rooms, layout_loops_ring
D:2:      layout_loops_cross, basic_altar
D:3:      layout_basic, amcnicky_altar_gilded, corexii_hall_statues_u
D:4:      minmay_goblin_kobold_castle, layout_cave_pools,
          minmay_temple_entry_drinking_statues
D:7:      layout_loops_ring, enter_ossuary_5, uniq_harold

Skill      XL: |  1  2  3  4  5 |
---------------+----------------+-----
Dodging        | 1 2 |  2.0
Maces & Flails | 3 4 |  4.5
Armour         | 3 |  3.0
Shields        | 3 |  3.0
Fighting       | 4 |  4.1

Action                   |  1- 3 |  4- 6 || total
-------------------------+-------+-------++-------
Melee: Flail             |   131 |    82 ||   213
       Tailslap          |    12 |    11 ||    23
  Use: Potion            |       |     1 ||     1
Armor: Scale mail        |    75 |    20 ||    95
Dodge: Dodged            |    59 |    32 ||    91
Block: Buckler           |    43 |    31 ||    74
       Reflection        |     3 |       ||     3
